 Dungeon Crawl Stone Soup version 0.26-a0-658-gbdda728c12 (webtiles) character file.

Game seed: 5153537188071667157

282 Kraken2834 the Ruffian (level 6, -1/53 HPs)
             Began as a Ghoul Monk on Oct 5, 2020.
             Slain by Necrophagist's ghost (7 damage)
             ... on level 3 of the Dungeon.
             The game lasted 00:07:24 (2731 turns).

Kraken2834 the Ruffian (Ghoul Monk)                 Turns: 2731, Time: 00:07:25

Health: -1/53      AC:  6    Str: 17    XL:     6   Next: 28%
Magic:  5/5        EV: 12    Int:  5    God:
Gold:   109        SH:  0    Dex: 11    Spells: 5/5 levels left

rFire    . . .     SeeInvis +     - Unarmed
rCold    + . .     Faith    +   (no shield)
rNeg     + + +     Spirit   .   m - +2 leather armour {rPois}
rPois    ∞         Reflect  .   (no helmet)
rElec    .         Harm     .   i - +0 cloak
rCorr    .         Rampage  .   (no gloves)
MR       .....                  (no boots)
Stlth    ++........             k - amulet of faith
HPRegen  0.00/turn              j - ring of see invisible
MPRegen  0.09/turn              (no ring)

@: no status effects
A: rotting body, claws 1, cold resistance 1, negative energy resistance 3,
inhibited regeneration, torment resistance, unbreathing
a: no special abilities


You were on level 3 of the Dungeon.
You visited 1 branch of the dungeon, and saw 3 of its levels.

You collected 109 gold pieces.

Inventory:

Armour
 a - a +0 robe
 i - a +0 cloak (worn)
 m - a +2 leather armour of poison resistance (worn)
Jewellery
 j - a ring of see invisible (left claw)
 k - an amulet of faith (around neck)
Scrolls
 b - 2 scrolls of teleportation {unknown}
 d - 2 scrolls of immolation {unknown}
 e - 4 scrolls of identify {unknown}
Potions
 f - 2 potions of curing {unknown}
 h - 2 potions of magic {unknown}
 l - a potion of might {unknown}


   Skills:
 + Level 4.4 Fighting
 + Level 1.8 Armour
 - Level 2.6 Dodging
 - Level 2.1 Stealth
 + Level 6.3 Unarmed Combat


You had 5 spell levels left.
You didn't know any spells.
Your spell library contained the following spells:

 Spells                   Type           Power        Failure   Level
 Gell's Gravitas          Tloc           #.........   88%         3
 Portal Projectile        Hex/Tloc       #.....       88%         3
 Dispersal                Tloc           #.........   100%        6
 Disjunction              Tloc           #.........   100%        8


Dungeon Overview and Level Annotations

Branches:
Dungeon (3/15)

Altars:

Annotations:
D:3 Necrophagist's ghost, amateur FoFi


Innate Abilities, Weirdness & Mutations

Your body is rotting away.
You thrive by killing the living.
You are immune to poison.
You have sharp fingernails.
Your flesh is cold resistant. (rC+)
You are immune to negative energy. (rN+++)
You do not regenerate when monsters are visible.
You are immune to unholy pain and torment.
You can survive without breathing.


Message History

Necrophagist's ghost hits you.
You barely miss Necrophagist's ghost.
Necrophagist's ghost is lightly damaged.
Necrophagist's ghost hits you!
* * * LOW HITPOINT WARNING * * *
Okay, then.
Necrophagist's ghost closely misses you.
Necrophagist's ghost wails.
You see here an adder corpse.
There is an open door here.
As you read the scroll labeled IWU RIHUDD, it crumbles to dust.
You hear a loud clanging noise!
It was a scroll of noise.
You hear a shout! x5
Necrophagist's ghost hits you.
* * * LOW HITPOINT WARNING * * *
As you read the scroll labeled WIUQAU JECRE, it crumbles to dust.
The scroll dissolves into smoke.
It was a scroll of fog.
Necrophagist's ghost hits you!
You die...

# .........#...##.# #
.............##.# #
.#########......# # ..#
##..#### # #.# #..#
########.######..## ######
.............###§§###....#
............†'§W§§§....#.#
.............###@§######.####
.............# ##§#.........#
.............# #§§.#######.##
.............# ##..# #..#
##################..### ##.#
#.............# #.##
#..........>..######..#
#...............÷.....#
#..########.########..#


You could see Necrophagist's ghost.

Vanquished Creatures
  A sky beast (D:3)
  A water moccasin skeleton (D:3)
  6 adders
  2 oozes
  4 worms
  2 dart slugs
  2 leopard geckos
  6 bats
  7 giant cockroaches
  5 hobgoblins
  2 jackals (D:2)
  7 kobolds
  A quokka (D:3)
  4 frilled lizards
  7 goblins
  15 rats
72 creatures vanquished.

Notes
Turn   | Place    | Note
-------+----------+-------------------------------------------
     0 | D:1      | Kraken2834 the Ghoul Monk began the quest for the Orb.
     0 | D:1      | Reached XP level 1. HP: 19/19 MP: 0/0
   417 | D:1      | Reached XP level 2. HP: 24/26 MP: 1/1
   842 | D:1      | Reached skill level 4 in Unarmed Combat
   883 | D:1      | Reached XP level 3. HP: 30/33 MP: 2/2
  1360 | D:2      | Reached XP level 4. HP: 33/40 MP: 3/3
  1671 | D:2      | Reached skill level 5 in Unarmed Combat
  2087 | D:3      | Noticed a sky beast
  2097 | D:3      | Killed a sky beast
  2097 | D:3      | Reached skill level 1 in Armour
  2097 | D:3      | Reached XP level 5. HP: 43/47 MP: 4/4
  2251 | D:3      | Reached skill level 6 in Unarmed Combat
  2251 | D:3      | Reached XP level 6. HP: 53/53 MP: 5/5
  2617 | D:3      | Found a runed translucent door.
  2618 | D:3      | Noticed Necrophagist's ghost (amateur FoFi)
  2731 | D:3      | Slain by Necrophagist's ghost

Illustrated notes

Levels and vault maps discovered:
D:1:      lightli_arrival_chessboard, layout_basic, serial_aquarium,
          aquarium_bridge_square [aquarium_subvault_bridge,
          aquarium_subvault_wall, aquarium_subvault_wall,
          aquarium_subvault_wall], aquarium_bridge_square
          [aquarium_subvault_window, aquarium_subvault_wall,
          aquarium_subvault_bridge, aquarium_subvault_balcony],
          aquarium_window_fake, aquarium_window_fake, aquarium_window_fake,
          aquarium_window_fake, aquarium_view_2c, serial_bayou_pond_d
D:2:      layout_loops_ring
D:3:      layout_basic, ebering_ghost_reflecting_pool, minmay_pentangle,
          uniq_crazy_yiuf_cottage

Skill      XL: |  1  2  3  4  5 |
---------------+----------------+-----
Unarmed Combat | 4 5 6 |  6.3
Fighting       | 4 |  4.4
Armour         | 1 |  1.8
Dodging        | |  2.6
Stealth        | |  2.1

Action                   |  1- 3 |  4- 6 || total
-------------------------+-------+-------++-------
Melee: Unarmed           |    96 |   149 ||   245
       Punch             |     3 |     2 ||     5
  Use: Scroll            |       |     2 ||     2
 Stab: Sleeping          |     3 |       ||     3
Armor: Robe              |    10 |       ||    10
       Ring mail         |    13 |    28 ||    41
       Leather armour    |       |    12 ||    12
Dodge: Dodged            |    57 |    76 ||   133

Table legend: (Time is in decaauts)
 A = Elapsed time spent in this place.
 B = Non-inter-level travel time spent in this place.
 C = Inter-level travel time spent in this place.
 D = Time resting spent in this place.
 E = Time spent auto-exploring this place.
 F = Levels seen in this place.
 G = Mean time per level.
                   A        B        C        D        E       F      G
               +--------+--------+--------+--------+--------+-----+--------+
         Total |   2710 |   2642 |     68 |    432 |   1640 |   3 |  903.3 |
       Dungeon |   2710 |   2642 |     68 |    432 |   1640 |   3 |  903.3 |
               +--------+--------+--------+--------+--------+-----+--------+

Top non-repeatable levels by time:
     D:1: 1259 daAuts
     D:2: 809 daAuts
     D:3: 642 daAuts
